 Dungeon Crawl Stone Soup version 0.20.1-1-g8b1a95d (webtiles) character file.

317 MJtheKandyman the Slasher (level 6, -2/52 HPs)
             Began as a Hill Orc Fighter on Dec 25, 2017.
             Was a Follower of Beogh.
             Incinerated by Ymberto's ghost (6 damage)
             ... with a sticky flame
             ... on level 5 of the Dungeon.
             The game lasted 00:09:01 (3739 turns).

MJtheKandyman the Slasher (Hill Orc Fighter)        Turns: 3739, Time: 00:09:01

Health: -2/52      AC:  6    Str: 21    XL:     6   Next: 45%
Magic:  6/6        EV:  7    Int:  8    God:    Beogh [*.....]
Gold:   193        SH:  9    Dex: 10    Spells: 5/5 levels left

rFire    . . .     SeeInvis .   a - +0 long sword
rCold    . . .     Gourm    .   c - +0 shield
rNeg     . . .     Faith    .   b - +0 scale mail
rPois    .         Spirit   .   (no helmet)
rElec    .         Reflect  .   (no cloak)
rCorr    .         Harm     .   (no gloves)
MR       .....                  (no boots)
Stlth    ..........             (no amulet)
Regen    0.2/turn               (no ring)
MPRegen  0.1/turn               (no ring)

@: liquid flames, glowing
A: no striking features
a: Renounce Religion


You were on level 5 of the Dungeon.
You worshipped Beogh.
Beogh was aware of your devotion.
You were not hungry.

You visited 1 branch of the dungeon, and saw 5 of its levels.

You collected 193 gold pieces.

Inventory:

Hand Weapons
 a - a +0 long sword (weapon)
 v - a +0 blowgun
Missiles
 w - 21 poisoned needles
Armour
 b - a +0 scale mail (worn)
 c - a +0 shield (worn)
 g - a +0 plate armour
 k - a +0 ring mail
 p - a +0 ring mail
 s - a +0 pair of gloves
Jewellery
 m - an uncursed ring of positive energy {unknown}
 C - an uncursed ring of wizardry {unknown}
 E - an uncursed ring of protection from cold {unknown}
Wands
 u - a wand of enslavement (2/24)
Scrolls
 j - 9 scrolls of identify {unknown}
 o - 4 scrolls of magic mapping {unknown}
 x - a scroll of enchant armour {unknown}
 y - 2 scrolls of fear {unknown}
 B - 2 scrolls of remove curse {unknown}
Potions
 d - a potion of might
 e - 2 potions of invisibility {unknown}
 l - 2 potions of lignification {unknown}
 n - a potion of curing {unknown}
 r - 2 potions of haste {unknown}
 t - a potion of cancellation {unknown}
 A - a potion of agility {unknown}
 D - a potion of heal wounds {unknown}
Books
 q - a book of Battle

   Spells                             Type                      Level
   a - Infusion                       Charms                       1
   b - Shroud of Golubria             Charms/Translocation         2
   c - Song of Slaying                Charms                       2
   d - Spectral Weapon                Hexes/Charms                 3
   e - Regeneration                   Charms/Necromancy            3
Comestibles
 f - 4 bread rations
 h - 2 royal jellies
 i - 2 meat rations
 z - 9 fruits


   Skills:
 - Level 3.9 Fighting
 + Level 7.0 Long Blades
 - Level 3.5 Armour
 - Level 3.3 Shields


You had 5 spell levels left.
You didn't know any spells.

Dungeon Overview and Level Annotations

Branches:
Dungeon (5/15)             Temple (0/1) D:4

Altars:
Elyvilon
Fedhas
Gozag
Hepliaklqana
Qazlal
Ru
The Shining One

Annotations:
D:5 Ymberto's ghost, novice DEFE


Message History

The sticky flame hits you!
You are covered in liquid flames!
You are too injured to fight recklessly!
You are too injured to fight recklessly!
You are too injured to fight recklessly!
You miss Ymberto's ghost.
Ymberto's ghost is moderately damaged.
You are covered in liquid flames!
Ymberto's ghost hits you.
* * * LOW HITPOINT WARNING * * *
Your shield prevents you from hitting Ymberto's ghost.
Ymberto's ghost is moderately damaged.
You are covered in liquid flames!
* * * LOW HITPOINT WARNING * * *
Ymberto's ghost hits you.
* * * LOW HITPOINT WARNING * * *
You are covered in liquid flames!
* * * LOW HITPOINT WARNING * * *
You are covered in liquid flames!
You die...

#.......#.. ...
#.......#.. .... ...
#.......#'###.. #..
#.......'...'. #..
#.......#...# #..
#.......#...#.. #.. #
#####.......#W# .# #.. #
#.....#'#####.###.## #..
# #.....'...#.@..#...#
#.. #
#.....#...#....#...+ #..
# #.....#...'...##..#
+..
#####.....###'##..##..##
#..
..........#...##..'....#
#..
.....######...##+###..##
#..
.....'....#...##..##..#
#..
.....#...##...##..##..#
###
.....#...#######.....##
##


You could see Ymberto's ghost.

Vanquished Creatures
  A scorpion (D:4)
  An orc priest (D:3)
  A centaur skeleton (D:4)
  2 orc wizards
  A worker ant (D:4)
  A hound skeleton (D:5)
  4 adders
  An ooze (D:2)
  2 worms
  2 dart slugs
  5 leopard geckos
  4 orcs
  4 giant cockroaches
  9 goblins
  6 hobgoblins
  6 jackals
  2 quokkas
  3 bats
  4 frilled lizards
  4 kobolds
  A leopard gecko skeleton (D:4)
  9 rats
73 creatures vanquished.

Vanquished Creatures (others)
  An orc priest (D:3)
  2 orcs (D:3)
  A rat (D:3)
  7 toadstools (D:1)
11 creatures vanquished.

Grand Total: 84 creatures vanquished

Notes
Turn   | Place    | Note
-------+----------+-------------------------------------------
     0 | D:1      | MJtheKandyman the Hill Orc Fighter began the quest for the Orb.
     0 | D:1      | Reached XP level 1. HP: 19/19 MP: 1/1
   210 | D:1      | Reached XP level 2. HP: 27/27 MP: 2/2
   706 | D:1      | Reached skill level 3 in Long Blades
   738 | D:1      | Reached XP level 3. HP: 22/33 MP: 3/3
   993 | D:2      | Found an opulent altar of Gozag.
  1089 | D:2      | Reached skill level 4 in Long Blades
  1114 | D:2      | Reached XP level 4. HP: 40/40 MP: 4/4
  1501 | D:3      | Became a worshipper of Beogh the Brigand
  1554 | D:3      | Found a glowing golden altar of the Shining One.
  1897 | D:3      | Reached skill level 5 in Long Blades
  1897 | D:3      | Reached XP level 5. HP: 27/46 MP: 5/5
  1917 | D:3      | HP: 2/46 [orc priest/hand axe (2)]
  2422 | D:3      | Found a hazy altar of Hepliaklqana.
  2709 | D:4      | Reached skill level 6 in Long Blades
  2940 | D:4      | Found a stormy altar of Qazlal.
  2960 | D:4      | Found a blossoming altar of Fedhas.
  2970 | D:4      | Reached XP level 6. HP: 52/52 MP: 6/6
  2993 | D:4      | Reached * piety under Beogh
  3019 | D:4      | Found a white marble altar of Elyvilon.
  3188 | D:4      | Found a staircase to the Ecumenical Temple.
  3535 | D:5      | Entered Level 5 of the Dungeon
  3579 | D:5      | Found a sacrificial altar of Ru.
  3624 | D:5      | Reached skill level 7 in Long Blades
  3723 | D:5      | Noticed Ymberto's ghost (novice DEFE)
  3739 | D:5      | Incinerated by Ymberto's ghost

Skill      XL: |  1  2  3  4  5  6 |
---------------+-------------------+-----
Long Blades    | 3 4 5 6 7 |  7.0
Fighting       | |  3.9
Armour         | |  3.5
Shields        | |  3.3

Action                   |  1- 3 |  4- 6 || total
-------------------------+-------+-------++-------
Melee: Long sword        |    99 |   168 ||   267
Invok: Convert to Beogh  |       |     1 ||     1
  Eat: Chunk             |     1 |     8 ||     9
Armor: Scale mail        |    28 |    56 ||    84
Dodge: Dodged            |    25 |    29 ||    54
Block: Shield            |    41 |    68 ||   109
       Rpst.: Long sword |    13 |    11 ||    24
